 Dungeon Crawl Stone Soup version 0.25.0-26-g0c896c7088 (webtiles) character file.

Game seed: 16971413250608014917

93 Delamore the Skirmisher (level 4, -3/30 HPs)
             Began as a Gargoyle Fighter on July 2, 2020.
             Slain by Grinder (5 damage)
             ... on level 3 of the Dungeon.
             The game lasted 00:01:52 (2124 turns).

Delamore the Skirmisher (Gargoyle Fighter)          Turns: 2124, Time: 00:01:53

Health: -3/30      AC: 12    Str: 20    XL:     4   Next: 62%
Magic:  4/4        EV:  5    Int:  9    God:
Gold:   146        SH:  9    Dex:  9    Spells: 3/3 levels left

rFire    . . .     SeeInvis .   a - +0 flail
rCold    . . .     Gourm    .   c - +0 kite shield
rNeg     + . .     Faith    .   t - +0 chain mail
rPois    ∞         Spirit   .   (no helmet)
rElec    +         Reflect  .   (no cloak)
rCorr    .         Harm     .   (no gloves)
MR       .....                  (no boots)
Stlth    ..........             (no amulet)
HPRegen  0.10/turn              q - ring of wizardry
MPRegen  0.09/turn              (no ring)

@: mighty
A: negative energy resistance 1, electricity resistance, unbreathing,
petrification resistance, rot immunity, AC +3
a: no special abilities


You were on level 3 of the Dungeon.
You were not hungry.

You visited 1 branch of the dungeon, and saw 3 of its levels.

You collected 146 gold pieces.

Inventory:

Hand Weapons
 a - a +0 flail (weapon)
Armour
 b - a +0 scale mail
 c - a +0 kite shield (worn)
 t - a +0 chain mail (worn)
Jewellery
 q - a ring of wizardry (left hand)
 s - an uncursed amulet of magic regeneration {unknown}
Scrolls
 e - 2 scrolls of teleportation {unknown}
 h - a scroll of noise {unknown}
 i - 2 scrolls of magic mapping {unknown}
 j - 2 scrolls of blinking {unknown}
 k - a scroll of fog {unknown}
 l - a scroll of remove curse {unknown}
 n - 2 scrolls of identify {unknown}
 o - a scroll of amnesia {unknown}
Potions
 d - a potion of might
 g - a potion of heal wounds {unknown}
 p - a potion of curing {unknown}
 r - a potion of invisibility {unknown}
Comestibles
 f - 6 rations
 m - 3 chunks of flesh


   Skills:
 + Level 4.5 Fighting
 + Level 3.7 Maces & Flails
 - Level 3.2 Armour
 - Level 3.2 Shields


You had 3 spell levels left.
You didn't know any spells.
Your spell library was empty.

Dungeon Overview and Level Annotations

Branches:
Dungeon (3/15)

Altars:
Ashenzari
Nemelex Xobeh
Sif Muna
Uskayaw
Wu Jian
Xom
Yredelemnul
Zin

Annotations:
D:3 Grinder


Innate Abilities, Weirdness & Mutations

You are resistant to torment.
Your stone body is resilient. (AC +3)
You are immune to poison.
You resist negative energy. (rN+)
You are resistant to electric shocks. (rElec)
You can survive without breathing.
You are immune to petrification.
You are immune to rotting.


Message History

You hit Grinder.
Grinder is lightly wounded.
Grinder barely misses you. Grinder hits you.
You hit Grinder.
Grinder is lightly wounded.
Grinder gestures at you. Pain shoots through your body!
* * * LOW HITPOINT WARNING * * *
Grinder gestures at you. Pain shoots through your body!
* * * LOW HITPOINT WARNING * * *
You feel very mighty all of a sudden. Grinder hits you but does no damage.
You block Grinder's attack.
You sock Grinder!
Grinder is heavily wounded.
Grinder barely misses you. You block Grinder's attack.
Your chain mail prevents you from hitting Grinder.
Grinder is heavily wounded.
Grinder hits you.
You die...

#####'# #......
#......
#############......
#...........'......
#.###########......
#..# #..........#
##.#####.########.#
#@##.............#
##5#...####..#...#
##.##...# #....
#5###...####...>#..
##_##........####..
##.#....########.. #
##.##.............. #
#.#.###.....#########
...##.##.##.....# #


You could see Grinder (fast).

Vanquished Creatures
  2 adders
  An ooze (D:2)
  3 dart slugs
  A worm (D:2)
  2 leopard geckos
  3 orcs (D:2)
  A ball python (D:3)
  7 bats
  A giant cockroach (D:2)
  5 goblins
  9 hobgoblins
  3 jackals (D:2)
  A quokka (D:2)
  4 frilled lizards
  6 kobolds
  10 rats
59 creatures vanquished.

Notes
Turn   | Place    | Note
-------+----------+-------------------------------------------
     0 | D:1      | Delamore the Gargoyle Fighter began the quest for the Orb.
     0 | D:1      | Reached XP level 1. HP: 14/14 MP: 1/1
   197 | D:1      | Reached XP level 2. HP: 19/19 MP: 2/2
   866 | D:2      | Reached XP level 3. HP: 23/24 MP: 3/3
  1157 | D:2      | Reached skill level 4 in Fighting
  1192 | D:2      | Reached XP level 4. HP: 26/29 MP: 4/4
  1320 | D:2      | Found a shimmering blue altar of Sif Muna.
  1327 | D:2      | Found an ornate altar of the Wu Jian Council.
  1328 | D:2      | Found a hide-covered altar of Uskayaw.
  1328 | D:2      | Found a sparkling altar of Nemelex Xobeh.
  1328 | D:2      | Found a shimmering altar of Xom.
  1329 | D:2      | Found a glowing silver altar of Zin.
  1330 | D:2      | Found a shattered altar of Ashenzari.
  1331 | D:2      | Found a basalt altar of Yredelemnul.
  2097 | D:3      | Found a faded altar of an unknown god.
  2103 | D:3      | Noticed Grinder
  2105 | D:3      | Paralysed by Grinder for 4 turns
  2124 | D:3      | Slain by Grinder

Illustrated notes

Levels and vault maps discovered:
D:1:      wander_arrival_lonely_grave, layout_loops_ring
D:2:      layout_loops_ring, minitemple, minmay_pentomino_p4
D:3:      layout_basic, nicolae_overflow_crystal_walls,
          chequers_ecumenical_altar_twisty, solitary_fountain, uniq_grinder

Skill      XL: |  1  2  3 |
---------------+----------+-----
Maces & Flails | 3 |  3.7
Fighting       | 4 |  4.5
Armour         | |  3.2
Shields        | |  3.2

Action                   |  1- 3 |  4- 6 || total
-------------------------+-------+-------++-------
Melee: Flail             |   166 |    56 ||   222
  Use: Potion            |       |     1 ||     1
  Eat: Chunk             |     1 |     3 ||     4
Armor: Scale mail        |    90 |    30 ||   120
       Chain mail        |       |    10 ||    10
Dodge: Dodged            |    64 |    16 ||    80
Block: Kite shield       |    94 |    29 ||   123
